 Seeded DCSS version 0.29-a0-362-g5854e031c7 (webtiles) character file.

Game seed: 16159354105524068321 (custom seed)

591 zeratav the Archer (level 7, 0/40 HPs)
             Began as a Tengu Hunter on Apr 29, 2022.
             Slain by an orc
             ... wielding a +0 club
              (5 damage)
             ... on level 4 of the Dungeon.
             The game lasted 00:06:29 (3555 turns).

zeratav the Archer (Tengu Hunter)                   Turns: 3555, Time: 00:06:29

Health: 0/40       AC:  3    Str: 12    XL:     7   Next: 39%
Magic:  17/17      EV: 15    Int:  5    God:
Gold:   245        SH:  0    Dex: 22    Spells: 6/6 levels left

rFire   . . .      SeeInvis .   r - +6 shortbow "Killer Klown's Doom" {speed, rElec MP+9 Int-4 Dex+3, bow}
rCold   . . .      Faith    .   (shield currently unavailable)
rNeg    . . .      Spirit   .   b - +0 leather armour
rPois   +          Reflect  .   (helmet restricted)
rElec   +          Harm     .   (no cloak)
rCorr   .          Rampage  .   (no gloves)
Will    .....                   (boots unavailable)
Stlth   ++........              (no amulet)
HPRegen 0.13/turn               g - ring of poison resistance
MPRegen 0.15/turn               i - +4 ring of slaying

@: flying quickly and evasively, quick
A: beak, talons 3, nimble flight
a: no special abilities


You were on level 4 of the Dungeon.
You visited 1 branch of the dungeon, and saw 5 of its levels.
You also visited: Ossuary.

You collected 245 gold pieces.


Innate Abilities, Weirdness & Mutations

You have a beak for a mouth.
You have claws for feet.
Your magical nature lets you fly swiftly and evasively.


   Skills:
 - Level 2.0 Fighting
 + Level 9.6 Bows
 - Level 2.1 Dodging
 - Level 1.0 Stealth


You had 6 spell levels left.
You didn't know any spells.
Your spell library was empty.

Inventory:

Hand Weapons
 r - the +6 shortbow "Killer Klown's Doom" (weapon) {speed, rElec MP+9 Int-4 Dex+3, bow}
   (You acquired it on level 2 of the Dungeon)

   Attacks with this weapon are significantly faster.
   Int:       It affects your intelligence (-4).
   Dex:       It affects your dexterity (+3).
   rElec:     It insulates you from electricity.
   MP:        It affects your magic capacity (+9).
Armour
 a - a +0 robe
   (You took it off an orc wizard on level 4 of the Dungeon)
 b - a +0 leather armour (worn)
 e - a +2 ring mail of cold resistance
   (You took it off an orc on level 4 of the Dungeon)
 t - the +2 kite shield "Maggolom" {rPois rCorr}
   (You found it on level 2 of the Dungeon)

   rPois:     It protects you from poison.
   rCorr:     It protects you from acid and corrosion.
 y - a +0 chain mail
   (You found it on level 4 of the Dungeon)
Jewellery
 g - a ring of poison resistance (left hand)
   (You found it on level 1 of the Dungeon)
 i - a +4 ring of slaying (right hand)
   (You found it on level 1 of the Dungeon)
Wands
 B - a wand of acid (8)
   (You found it on level 3 of the Dungeon)
 C - a wand of mindburst (19)
   (You found it on level 4 of the Dungeon)
Scrolls
 c - 2 scrolls of immolation {!r!r}
 k - a scroll of fear {unknown}
 l - 3 scrolls of blinking {unknown}
 m - 5 scrolls of magic mapping {unknown}
 o - 8 scrolls of identify {unknown}
 p - 5 scrolls of amnesia {unknown}
 v - 2 scrolls of torment {unknown}
 w - a scroll of holy word {unknown}
 A - 4 scrolls of teleportation {unknown}
Potions
 d - a potion of might {unknown}
 f - 2 potions of curing {unknown}
 h - 2 potions of brilliance {unknown}
 j - a potion of cancellation {unknown}
 n - 2 potions of ambrosia {unknown}
 q - a potion of invisibility {unknown}
 s - 4 potions of heal wounds {unknown}
 u - a potion of resistance {unknown}
 x - a potion of magic {unknown}
 z - a potion of degeneration {unknown}

Dungeon Overview and Level Annotations

Branches:
Dungeon (5/15)            Ossuary (visited)
 Temple: D:4-7

Altars:

##...#.......# #............#
#........(...# #............#
##########...##......#
##....##.##...#########
#.............##......# #
#.....[)..............# #
#.....)@o.............#
###########....)†o.............#
#...##...##....................#
.........##...###......##......#
#........##...###......##......#
#.............#........##......#
..............#................#
#...##...##...#................#
#...##...##...#...<............#


You could see 2 orcs.


Message History

You fly downwards.
The orc shouts! x2; The hound barks!
The hound bites you but does no damage. The orc barely misses you.
The orc closely misses you.
The orc priest invokes the aid of Beogh against you.
Beogh smites you! The hound closely misses you. The orc misses you.
The orc barely misses you.
An orc comes into view. It is wielding a +0 short sword.
There is a stone staircase leading up, spattered with blood here.
HP[-14]
You take 14 damage, and now have 26/40 hp.
MASSIVE DAMAGE!! (PAUSE)
The hound closely misses you. The hound bites you but does no damage.
The orc closely misses you. The orc hits you with a +0 mace.
The hound completely misses you. The hound closely misses you.
The orc hits you with a +0 mace.
The orc wizard casts a spell.
The orc wizard flickers and vanishes!
Deactivating autopickup; reactivate with Ctrl-A.
The orc misses you.
You fly upwards.
Reactivating autopickup.
There is a stone staircase leading down here.
HP[-5]
You take 5 damage, and now have 21/40 hp.
Shoot: r) +6 shortbow "Killer Klown's Doom" {speed, rElec MP+9 Int-4 Dex+3, bow}
Press: ? - help, Q - select action, (/) - cycle Shift-Dir - straight line, f - hound
Aim: a hound (68% to hit)
You shoot an arrow. The arrow hits the hound.
Shoot: r) +6 shortbow "Killer Klown's Doom" {speed, rElec MP+9 Int-4 Dex+3, bow}
Press: ? - help, Q - select action, (/) - cycle Shift-Dir - straight line, f/p - hound
Aim: a hound (lightly wounded, 68% to hit)
You shoot an arrow. The arrow hits the hound!!
You kill the hound!
The hound bites you.
* * * LOW HITPOINT WARNING * * *
The orc closely misses you. The orc barely misses you.
The orc hits you with a +0 mace.
* * * LOW HITPOINT WARNING * * *
The orc barely misses you.
HP[-5]
You take 5 damage, and now have 16/40 hp.
Shoot: r) +6 shortbow "Killer Klown's Doom" {speed, rElec MP+9 Int-4 Dex+3, bow}
Press: ? - help, Q - select action, (/) - cycle Shift-Dir - straight line, f - hound
Aim: a hound (68% to hit)
You shoot an arrow.
The arrow hits the hound but does no damage.
The hound barely misses you. The orc hits you but does no damage.
The orc closely misses you. The orc completely misses you. The orc misses you.
Shoot: r) +6 shortbow "Killer Klown's Doom" {speed, rElec MP+9 Int-4 Dex+3, bow}
Press: ? - help, Q - select action, (/) - cycle Shift-Dir - straight line, f/p - hound
Aim: a hound (68% to hit)
You shoot an arrow. The arrow hits the hound!
The hound closely misses you.
HP[+1] Shoot: r) +6 shortbow "Killer Klown's Doom" {speed, rElec MP+9 Int-4 Dex+3, bow}
Press: ? - help, Q - select action, (/) - cycle Shift-Dir - straight line, f/p - hound
Aim: a hound (severely wounded, 68% to hit)
You shoot an arrow. The arrow hits the hound.
The hound barely misses you. The orc hits you with a +0 short sword.
* * * LOW HITPOINT WARNING * * *
The orc completely misses you. The orc hits you with a +0 mace.
* * * LOW HITPOINT WARNING * * *
The orc hits you with a +0 mace.
* * * LOW HITPOINT WARNING * * *
The hound barely misses you.
HP[-8]
You take 8 damage, and now have 9/40 hp.
Shoot: r) +6 shortbow "Killer Klown's Doom" {speed, rElec MP+9 Int-4 Dex+3, bow}
Press: ? - help, Q - select action, (/) - cycle Shift-Dir - straight line, f/p - hound
Aim: a hound (almost dead, 68% to hit)
You shoot an arrow. The arrow hits the hound!
You kill the hound!
The orc closely misses you. The orc hits you with a +0 mace.
* * * LOW HITPOINT WARNING * * *
The orc barely misses you. x2
HP[-4]
You take 4 damage, and now have 5/40 hp.
Shoot: r) +6 shortbow "Killer Klown's Doom" {speed, rElec MP+9 Int-4 Dex+3, bow}
Press: ? - help, Q - select action, (/) - cycle Shift-Dir - straight line, f - orc
Aim: an orc, wielding a +0 mace and wearing a +0 ring mail (77% to hit)
You shoot an arrow. The arrow hits the orc!
You kill the orc!
Shoot: r) +6 shortbow "Killer Klown's Doom" {speed, rElec MP+9 Int-4 Dex+3, bow}
Press: ? - help, Q - select action, (/) - cycle Shift-Dir - straight line, f - orc
Aim: an orc, wielding a +0 short sword (75% to hit)
You shoot an arrow. The arrow hits the orc.
The orc closely misses you. x3
Shoot: r) +6 shortbow "Killer Klown's Doom" {speed, rElec MP+9 Int-4 Dex+3, bow}
Press: ? - help, Q - select action, (/) - cycle Shift-Dir - straight line, f/p - orc
Aim: an orc, wielding a +0 short sword (severely wounded, 75% to hit)
You shoot an arrow. The arrow completely misses the orc.
The orc barely misses you. The orc misses you. x2
Shoot: r) +6 shortbow "Killer Klown's Doom" {speed, rElec MP+9 Int-4 Dex+3, bow}
Press: ? - help, Q - select action, (/) - cycle Shift-Dir - straight line, f/p - orc
Aim: an orc, wielding a +0 short sword (severely wounded, 75% to hit)
You shoot an arrow. The arrow hits the orc!
You kill the orc!
The orc barely misses you. The orc hits you with a +0 club.
You die...

Skill      XL: |  1  2  3  4  5  6  7 |
---------------+----------------------+-----
Bows           | 5 6 7 8 9 |  9.6
Fighting       | |  2.0
Dodging        | |  2.1
Stealth        | |  1.0

Action                   |  1- 3 |  4- 6 |  7- 9 || total
-------------------------+-------+-------+-------++-------
 Fire: Shortbow          |    59 |   121 |    33 ||   213
  Use: Scroll            |       |     1 |       ||     1
Armor: Leather armour    |     4 |     5 |     3 ||    12
Dodge: Dodged            |    22 |    15 |    37 ||    74

Levels and vault maps discovered:
D:1:      lightli_arrival_maybe_door_vault, layout_basic,
          chequers_ecumenical_altar_simple_redux
D:2:      layout_basic, grunt_ministairs_13, roderic_nine_men_s_morris,
          uniq_terence
D:3:      layout_loops_ring, item_on_display_a
D:4:      layout_gridville, gup_ossuary_entry_pyramid
D:5:      layout_rooms, mainiacjoe_overflow_catwalk,
          minmay_temple_entry_gardened_gates, uniq_grinder

Notes
Turn   | Place    | Note
-------+----------+-------------------------------------------
     0 | D:1      | zeratav the Tengu Hunter began the quest for the Orb.
     0 | D:1      | Reached XP level 1. HP: 12/12 MP: 2/2
     0 | D:1      | magus.rc [v1.9.6]
   157 | D:1      | Found a faded altar of an unknown god.
   178 | D:1      | Reached XP level 2. HP: 17/17 MP: 3/3
   296 | D:1      | Reached skill level 5 in Bows
   777 | D:1      | Reached XP level 3. HP: 21/21 MP: 4/4
   976 | D:2      | Noticed Terence
   997 | D:2      | Killed Terence
   998 | D:2      | Reached skill level 6 in Bows
  1077 | D:2      | Reached XP level 4. HP: 26/26 MP: 5/5
  1084 | D:2      | Identified a scroll of acquirement
  1084 | D:2      | Acquired the +6 shortbow "Killer Klown's Doom" {speed,
                  | rElec MP+9 Int-4 Dex+3}
  1319 | D:2      | Identified the +2 kite shield "Maggolom" {rPois rCorr}
  1816 | D:3      | Gained mutation: Your magical nature lets you fly swiftly
                  | and evasively. [Tengu growth]
  1816 | D:3      | Reached XP level 5. HP: 29/30 MP: 6/6
  1853 | D:3      | Reached skill level 7 in Bows
  2690 | D:4      | Reached XP level 6. HP: 28/35 MP: 7/7
  2701 | D:4      | Reached skill level 8 in Bows
  2775 | D:4      | Found a sand-covered staircase.
  2786 | Ossuary  | Entered an ossuary
  2937 | Ossuary  | Reached XP level 7. HP: 40/40 MP: 8/8
  2941 | Ossuary  | Reached skill level 9 in Bows
  3426 | D:5      | Entered Level 5 of the Dungeon
  3550 | D:4      | HP: 9/40 [orc/+0 mace (2)]
  3555 | D:4      | Slain by an orc

Vanquished Creatures
  3 centaur zombies (Ossuary)
  2 hounds (D:4)
  A jelly (D:3)
  3 orc priests
  Terence (D:2)
  An iguana (D:4)
  An orc wizard (D:4)
  6 mummies
  5 adders
  2 worms
  4 dart slugs
  13 orcs
  6 endoplasms
  2 giant cockroaches (D:3)
  11 goblins
  5 hobgoblins
  7 jackals
  2 quokkas
  7 ball pythons
  6 bats
  6 hobgoblin zombies (Ossuary)
  5 kobolds
  10 rats
109 creatures vanquished.

Table legend:
 A = Non-vault XP
 B = Vault XP
 C = Vault XP percentage of total XP
 D = Non-vault monster count
 E = Vault monster count
 F = Vault count percentage of total count
                 A         B        C        D         E       F
            +---------+---------+-------+---------+---------+-------
      Total |     552 |     296 |  34.9 |      91 |      18 |  16.5
            +---------+---------+-------+---------+---------+-------
        D:1 |      35 |       0 |   0.0 |      18 |       0 |   0.0
        D:2 |      42 |      38 |  47.5 |      23 |       3 |  11.5
        D:3 |     168 |       0 |   0.0 |      22 |       0 |   0.0
        D:4 |     307 |      18 |   5.5 |      28 |       1 |   3.4
    Ossuary |       0 |     240 | 100.0 |       0 |      14 | 100.0
            +---------+---------+-------+---------+---------+-------

Illustrated notes

Table legend:
 A = Kills in this place as a percentage of kills in entire the game.
 B = Kills by you in this place as a percentage of kills by you in the entire game.
 C = Kills by friends in this place as a percentage of kills by friends in the entire game.
 D = Other kills in this place as a percentage of other kills in the entire game.
 E = Experience gained in this place as a percentage of experience gained in the entire game.
 F = Experience gained in this place divided by the number of levels of this place that you have seen.
                   A       B       C       D       E      F
               +-------+-------+-------+-------+-------+----------------------
         Total | 100.0 | 100.0 |   N/A |   N/A | 100.0 | 141.3
       Dungeon |  87.2 |  87.2 |   N/A |   N/A |  71.7 | 121.6
       Ossuary |  12.8 |  12.8 |   N/A |   N/A |  28.3 | 240.0
               +-------+-------+-------+-------+-------+----------------------

Table legend: (Time is in decaauts)
 A = Elapsed time spent in this place.
 B = Non-inter-level travel time spent in this place.
 C = Inter-level travel time spent in this place.
 D = Time resting spent in this place.
 E = Time spent auto-exploring this place.
 F = Levels seen in this place.
 G = Mean time per level.
                   A        B        C        D        E       F      G
               +--------+--------+--------+--------+--------+-----+--------+
         Total |   3417 |   3210 |    207 |    301 |   2401 |   6 |  569.5 |
       Dungeon |   3187 |   2980 |    207 |    147 |   2401 |   5 |  637.4 |
       Ossuary |    229 |    229 |      0 |    154 |      0 |   1 |  229.0 |
               +--------+--------+--------+--------+--------+-----+--------+

Top non-repeatable levels by time:
     D:2: 928 daAuts
     D:1: 892 daAuts
     D:3: 685 daAuts
     D:4: 674 daAuts
 Ossuary: 229 daAuts
     D:5: 6 daAuts
